 Dungeon Crawl Stone Soup version 0.21-a0-442-g848f44b (webtiles) character file.

18 slep the Digger (level 2, 0/20 HPs)
             Began as a Draconian Earth Elementalist on Nov 16, 2017.
             Was an Initiate of Okawaru.
             Slain by an orc
             ... wielding a +0 hand axe
              (8 damage)
             ... on level 3 of the Dungeon.
             The game lasted 00:05:20 (1159 turns).

slep the Digger (Draconian Earth Elementalist)      Turns: 1159, Time: 00:05:20

Health: 0/20       AC:  5    Str: 10    XL:     2   Next: 51%
Magic:  5/5        EV: 12    Int: 15    God:    Okawaru [......]
Gold:   61         SH:  0    Dex: 11    Spells: 4/5 levels left

rFire    . . .     SeeInvis .   j - +0 dagger
rCold    . . .     Gourm    .   (no shield)
rNeg     . . .     Faith    .   (armour unavailable)
rPois    .         Spirit   .   (helmet restricted)
rElec    .         Reflect  .   (no cloak)
rCorr    .         Harm     .   (no gloves)
MR       .....                  p - +0 pair of boots
Stlth    ++........             (no amulet)
HPRegen  0.06/turn              (no ring)
MPRegen  0.09/turn              (no ring)

@: no status effects
A: unfitting armour, cold-blooded, AC +4
a: Renounce Religion


You were on level 3 of the Dungeon.
You worshipped Okawaru.
Okawaru was noncommittal.
You were not hungry.

You visited 1 branch of the dungeon, and saw 3 of its levels.

You collected 61 gold pieces.

Inventory:

Hand Weapons
 j - a +0 dagger (weapon)
Missiles
 b - 76 stones (quivered)
 l - a throwing net
Armour
 p - a +0 pair of boots (worn)
Scrolls
 g - a scroll of enchant weapon {unknown}
 i - a scroll of identify
 m - a scroll of recharging {unknown}
 n - a scroll of fog {unknown}
 o - a scroll of teleportation
 q - a scroll of immolation {unknown}
Potions
 a - a potion of haste
 e - a potion of agility {unknown}
 f - a potion of invisibility {unknown}
 h - 2 potions of degeneration {unknown}
 k - a potion of curing {unknown}
Books
 d - a book of Geomancy

   Spells                             Type                      Level
   a - Sandblast                      Earth                        1
   b - Passwall                       Transmutation/Earth          2
   c - Stone Arrow                    Conjuration/Earth            3
   d - Petrify                        Transmutation/Earth          4
   e - Lee's Rapid Deconstruction     Earth                        5
Comestibles
 c - 2 bread rations
 r - a chunk of flesh


   Skills:
 + Level 0.4 Short Blades
 + Level 1.9 Dodging
 + Level 2.2 Stealth
 + Level 2.2 Spellcasting
   Level 1.0 Transmutations
 + Level 3.2 Earth Magic


You had 4 spell levels left.
You knew the following spells:

 Your Spells              Type           Power        Failure   Level  Hunger
a - Sandblast             Erth           ##....       5%          1    #......


Dungeon Overview and Level Annotations

Branches:
Dungeon (3/15)

Altars:
Okawaru
Xom


Innate Abilities, Weirdness & Mutations

Your plain brown scales are hard. (AC +4)
You cannot fit into any form of body armour.
You are cold-blooded and may be slowed by cold attacks.


Message History

You tail-slap the orc, but do no damage.
The orc wizard mumbles some strange words.
The orc wizard seems to speed up.
The orc closely misses you.
An orc comes into view.
The orc shouts!
You hit the orc but do no damage.
The orc wizard casts a spell.
The orc wizard flickers and vanishes!
Deactivating autopickup; reactivate with Ctrl-A.
The orc closely misses you.
A goblin comes into view. It is wielding a club.
The goblin shouts!
You hit the orc but do no damage. The orc barely misses you.
A rat comes into view.
You barely miss the orc.
The rat moves out of view.
You barely miss the orc. The orc hits you with a hand axe.
You hit the orc but do no damage.
Your tail-slap misses the orc.
The orc hits you with a hand axe.
You barely miss the orc. The orc hits you with a hand axe!
You die...

#.##.# #.# #.##.#
#.# #.# #.# #.#
#.# #.# #.#
.#####.###
.........†#######.
#.###.....@oo{og..
#####.##.###.# #.#
# #.# #.. ###


You could see 3 orcs and a goblin.

Vanquished Creatures
  2 dart slugs
  A ball python (D:1)
  2 goblins
  A hobgoblin (D:3)
  2 jackals (D:2)
  2 bats
  2 frilled lizards
  2 rats
14 creatures vanquished.

Notes
Turn   | Place    | Note
-------+----------+-------------------------------------------
     0 | D:1      | slep the Draconian Earth Elementalist began the quest for the Orb.
     0 | D:1      | Reached XP level 1. HP: 14/14 MP: 3/3
   576 | D:2      | Reached XP level 2. HP: 20/20 MP: 5/5
   881 | D:2      | Found an iron altar of Okawaru.
   889 | D:2      | Became a worshipper of Warmaster Okawaru
   905 | D:2      | Found a shimmering altar of Xom.
  1159 | D:3      | Slain by an orc

Vault maps used:
D:1:      dpeg_arrival_chase, solitary_fountain, minmay_crystal_room
D:2:      overflow_temple_1_default, lemuel_round_altar

Skill      XL: |  1 |
---------------+----+-----
Stealth        | 2 |  2.2
Short Blades   | |  0.4
Dodging        | |  1.9
Spellcasting   | |  2.2
Transmutations | |  1.0
Earth Magic    | |  3.2

Action                   || total
-------------------------++-------
Melee: Unarmed           ||    16
       Dagger            ||    56
       Tailslap          ||     5
Throw: Stone             ||     1
  Use: Scroll            ||     5
 Stab: Sleeping          ||     2
  Eat: Chunk             ||     1
Armor: Skin              ||    20
Dodge: Dodged            ||    40

Table legend:
 A = Spawn XP
 B = Non-spawn XP
 C = Spawn XP percentage of total XP
 D = Spawn monster count
 E = Non-spawn monster count
 F = Spawn count percentage of total count
 G = Total turns spent on level
                    A         B        C        D         E        F      G
               +---------+---------+-------+---------+---------+-------+---------
         Total |       0 |      27 |   0.0 |       0 |      14 |   0.0 |  1159
               +---------+---------+-------+---------+---------+-------+---------
           D:1 |       0 |      10 |   0.0 |       0 |       5 |   0.0 |   528
           D:2 |       0 |      12 |   0.0 |       0 |       6 |   0.0 |   566
           D:3 |       0 |       5 |   0.0 |       0 |       3 |   0.0 |    65
               +---------+---------+-------+---------+---------+-------+---------
